 Dungeon Crawl Stone Soup version 0.27-a0-577-ge2a43ba0c9 (webtiles) character file.

Game seed: 11196423286901639902

226 siradein the Caller (level 5, 0/38 HPs)
             Began as a Draconian Summoner on Mar 10, 2021.
             Succumbed to an adder's poison
             ... on level 4 of the Dungeon.
             The game lasted 00:07:05 (5394 turns).

siradein the Caller (Draconian Summoner)            Turns: 5394, Time: 00:07:06

Health: 0/38       AC:  5    Str: 10    XL:     5   Next: 69%
Magic:  5/8        EV: 12    Int: 16    God:
Gold:   206        SH:  0    Dex: 12    Spells: 2/8 levels left

rFire    . . .     SeeInvis .   l - +0 war axe
rCold    . . .     Faith    .   (no shield)
rNeg     . . .     Spirit   .   (armour unavailable)
rPois    .         Reflect  .   (helmet restricted)
rElec    .         Harm     .   (no cloak)
rCorr    .         Rampage  .   (no gloves)
Will     .....                  (no boots)
Stlth    ++........             (no amulet)
HPRegen  0.12/turn              (no ring)
MPRegen  0.11/turn              (no ring)

@: lethally poisoned (0 -> -3)
A: unfitting armour, cold-blooded, AC +5
a: no special abilities


You were on level 4 of the Dungeon.
You visited 1 branch of the dungeon, and saw 4 of its levels.

You collected 206 gold pieces.

Inventory:

Hand Weapons
 l - a +0 war axe (weapon)
Armour
 c - a +0 buckler
Scrolls
 b - 2 scrolls of teleportation {unknown}
 e - a scroll of fear {unknown}
 g - 2 scrolls of identify {unknown}
 k - a scroll of noise {unknown}
 m - a scroll of blinking {unknown}
 o - a scroll of random uselessness {unknown}
Potions
 a - 3 potions of haste {unknown}
 d - a potion of curing {unknown}
 f - a potion of degeneration {unknown}
 h - a potion of cancellation {unknown}
 i - a potion of heal wounds {unknown}
 j - a potion of attraction {unknown}
 n - a potion of invisibility {unknown}


   Skills:
 - Level 1.7 Dodging
 - Level 1.7 Stealth
 - Level 2.0 Spellcasting
 + Level 7.0 Summonings


You had 2 spell levels left.
You knew the following spells:

 Your Spells              Type           Power      Damage    Failure   Level
a - Summon Small Mammal   Summ           96%        N/A       1%          1
b - Call Imp              Summ           24%        N/A       1%          2
c - Call Canine Familiar  Summ           24%        N/A       3%          3

Your spell library contained the following spells:

 Spells                   Type           Power      Damage    Failure   Level
 Summon Guardian Golem    Hex/Summ       12%        N/A       14%         3
 Summon Ice Beast         Ice/Summ       12%        N/A       43%         4
 Summon Lightning Spire   Summ/Air       12%        N/A       43%         4


Dungeon Overview and Level Annotations

Branches:
Dungeon (4/15)
 Temple: D:4-7

Altars:
Gozag
Uskayaw


Innate Abilities, Weirdness & Mutations

Your plain brown scales are hard. (AC +5)
You cannot fit into any form of body armour.
You are cold-blooded and may be slowed by cold attacks.


Message History

You closely miss the adder.
The adder is severely wounded.
You hit the iguana but do no damage.
You feel sick. The iguana bites you. The adder misses you.
Your crimson imp hits the adder.
The iguana barely misses you. The adder bites you.
Your crimson imp misses the adder.
You barely miss the adder.
The adder is almost dead.
You closely miss the iguana.
You feel sick. The adder bites you.
* * * LOW HITPOINT WARNING * * *
The iguana bites you.
* * * LOW HITPOINT WARNING * * *
Your crimson imp misses the adder.
The adder misses you.
You feel sick.
Your crimson imp hits the adder.
The adder dies!
Casting: Call Imp (safe; 1% risk of failure)
Press: ? - help, Q - select action, (/) - cycle Dir - look around, f - activate A beastly little devil appears in a puff of frigid air.
The iguana barely misses you.
You feel sick.
Your crimson imp blinks!
Your white imp gestures at the iguana.
The puff of frost hits the iguana.
Your white imp hits the iguana but does no damage.
The iguana bites you.
* * * LOW HITPOINT WARNING * * *
You barely miss the iguana.
The iguana is moderately wounded.
* * * LOW HITPOINT WARNING * * *
You feel sick. The iguana barely misses you.
Your white imp barely misses the iguana.
You hit the iguana.
The iguana is heavily wounded.
Your white imp closely misses the iguana.
The iguana misses you.
Your white imp closely misses the iguana.
The iguana barely misses you.
You closely miss the iguana.
The iguana is heavily wounded.
You die...

......###
......#.### #.
..........# ...
..........#..
...........
.........# .
..>......#### ...
.......5<.5.##.....
.........†l@.......
♣...#..............
♣## ##.......<.....
#.............
#..............
##.....#.......
.......######..
......## ..


You could see an iguana (ally target), a friendly crimson imp (summoned) and a
friendly white imp (summoned).

Vanquished Creatures
  A centaur skeleton (D:4)
  7 adders
  2 worms
  2 leopard geckos
  3 orcs (D:3)
  A ball python (D:1)
  9 bats
  4 giant cockroaches
  A hobgoblin (D:1)
  6 jackals (D:3)
  3 kobolds
  A quokka (D:3)
  4 frilled lizards
  10 goblins
  2 rats
56 creatures vanquished.

Vanquished Creatures (collateral kills)
  An orc wizard (D:3)
  Natasha (thrice) (D:3)
  An adder (D:4)
  An ooze (D:1)
  An orc (D:3)
  A hobgoblin (D:1)
  A goblin (D:1)
9 creatures vanquished.

Grand Total: 65 creatures vanquished

Notes
Turn   | Place    | Note
-------+----------+-------------------------------------------
     0 | D:1      | siradein the Draconian Summoner began the quest for the
                  | Orb.
     0 | D:1      | Reached XP level 1. HP: 14/14 MP: 3/3
   402 | D:1      | Reached XP level 2. HP: 18/20 MP: 5/5
  1386 | D:2      | Reached skill level 5 in Summonings
  1528 | D:2      | Reached XP level 3. HP: 13/26 MP: 6/6
  2130 | D:2      | Learned a level 2 spell: Call Imp
  2134 | D:2      | Learned a level 3 spell: Call Canine Familiar
  2928 | D:2      | Found an opulent altar of Gozag.
  3086 | D:3      | Reached XP level 4. HP: 8/33 MP: 4/7
  3701 | D:3      | Found a hide-covered altar of Uskayaw.
  3974 | D:3      | Reached skill level 6 in Summonings
  4087 | D:3      | Noticed Natasha
  4101 | D:3      | Killed Natasha
  4290 | D:3      | Reached XP level 5. HP: 22/38 MP: 8/8
  4600 | D:3      | Noticed Natasha
  4956 | D:3      | Killed Natasha
  4957 | D:3      | Noticed Natasha
  4962 | D:3      | Killed Natasha
  5369 | D:4      | Reached skill level 7 in Summonings
  5392 | D:4      | HP: 1/38 [poisoned by an adder]
  5394 | D:4      | Succumbed to an adder's poison

Illustrated notes

Levels and vault maps discovered:
D:1:      dpeg_arrival_round_c, layout_loops_ring,
          chequers_serial_rivers_large_b
D:2:      layout_basic, lemuel_coloured_pillars_altar
D:3:      layout_loops_ring, overflow_temple_1_default, grunt_ministairs_13,
          uniq_natasha
D:4:      kennysheep_six_static_rooms, layout_cave_pools, kennysheep_mini_moat,
          nicolae_temple_entry_ecumenical, uniq_pikel

Skill      XL: |  1  2  3  4  5 |
---------------+----------------+-----
Summonings     | 5 6 7 |  7.0
Dodging        | |  1.7
Stealth        | |  1.7
Spellcasting   | |  2.0

Action                   |  1- 3 |  4- 6 || total
-------------------------+-------+-------++-------
Melee: Unarmed           |    12 |       ||    12
       Mace              |    95 |       ||    95
       Tailslap          |     7 |     8 ||    15
       Dagger            |     1 |       ||     1
       War axe           |       |   118 ||   118
 Cast: Summon Small Mamm |     4 |       ||     4
       Call Imp          |     3 |     4 ||     7
 Stab: Sleeping          |     4 |     3 ||     7
Armor: Skin              |    27 |    49 ||    76
Dodge: Dodged            |    71 |   129 ||   200

Table legend: (Time is in decaauts)
 A = Elapsed time spent in this place.
 B = Non-inter-level travel time spent in this place.
 C = Inter-level travel time spent in this place.
 D = Time resting spent in this place.
 E = Time spent auto-exploring this place.
 F = Levels seen in this place.
 G = Mean time per level.
                   A        B        C        D        E       F      G
               +--------+--------+--------+--------+--------+-----+--------+
         Total |   5537 |   5463 |     74 |    225 |   4436 |   4 | 1384.2 |
       Dungeon |   5537 |   5463 |     74 |    225 |   4436 |   4 | 1384.2 |
               +--------+--------+--------+--------+--------+-----+--------+

Top non-repeatable levels by time:
     D:3: 2421 daAuts
     D:2: 1752 daAuts
     D:1: 1319 daAuts
     D:4: 44 daAuts
